Map: Oxide LE

Players

HeroMarine

  • Race: Terran Terran

Clem - Winner!

  • Race: Terran Terran

Event: DreamHack SC2 Masters 2021 Fall

VOD

Have the link to the VOD?

Description

Time

  • Played on: Aug. 15, 2021, 11:52 a.m.
  • Length: 9:28

All games in this series

Show
View Real Time Build Order
Export as new Build Order

HeroMarine Terran 

Build Orders:  

Get SALT Encoding   

  12  0:00  SCV  
  13  0:12  SCV  
  14  0:17  Supply Depot  
  14  0:24  SCV  
  15  0:38  SCV  
  15  0:40  Barracks  
  16  0:43  Refinery  
  16  0:50  SCV  
  16  0:52  Refinery  
  17  1:03  SCV  
  18  1:15  SCV  
  19  1:26  Reaper  
  19  1:27  Orbital Command  
  19  1:29  Supply Depot  
  20  1:40  Factory  
  20  1:52  SCV  
  21  1:58  Reaper  
  22  2:04  SCV  
  23  2:17  SCV, Command Center  
  24  2:23  Hellion  
  24  2:29  SCV  
  27  2:31  Reaper  
  27  2:33  Supply Depot  
  28  2:41  SCV  
  29  2:45  Hellion  
  29  2:49  Starport  
  31  2:55  SCV  
  32  3:03  Barracks Reactor  
  32  3:06  Factory Tech Lab  
  32  3:07  SCV  
  33  3:16  Refinery  
  33  3:19  SCV  
  34  3:35  SCV  
  34  3:36  Cyclone, Starport Tech Lab  
  34  3:39  Marine x2  
  37  3:41  Orbital Command  
  37  3:44  Viking  
  37  3:47  SCV  
  38  3:57  Marine x2  
  38  3:59  SCV  
  41  4:08  SCV, Siege Tank  
  45  4:11  SCV  
  45  4:14  Starport Tech Lab  
  45  4:15  Marine x2  
  48  4:20  SCV  
  48  4:23  SCV  
  49  4:29  Supply Depot  
  49  4:32  SCV  
  49  4:33  Marine x2  
  49  4:35  Raven  
  54  4:51  Marine x2, SCV x2  
  58  4:58  Siege Tank  
  59  5:01  Supply Depot  
  59  5:03  SCV x2  
  56  5:11  Command Center  
  56  5:13  Supply Depot  
  56  5:15  SCV x2  
  58  5:23  Marine  
  58  5:27  Viking x2, SCV x2  
  65  5:30  Siege Tank  
  65  5:34  Stimpack  
  68  5:39  SCV x2  
  68  5:41  Marine  
  71  5:44  Supply Depot  
  71  5:46  Refinery  
  71  5:52  SCV x2  
  73  5:57  Viking  
  73  5:58  Marine  
  73  6:00  Viking  
  78  6:05  SCV x2  
  79  6:13  Siege Tank  
  79  6:16  Marine  
  79  6:17  SCV  
  79  6:18  SCV  
  85  6:26  SCV  
  85  6:27  Viking  
  85  6:29  SCV  
  85  6:30  SCV  
  92  6:33  Viking  
  90  6:40  Orbital Command  
  90  6:41  Marine  
  90  6:42  SCV x2  
  89  6:47  Siege Tank  
  89  6:54  SCV x2  
  92  6:59  Marine  
  78  7:03  Viking  
  78  7:04  Orbital Command  
  78  7:06  SCV x2  
  71  7:14  Barracks  
  71  7:15  Barracks  
  71  7:16  Marine, Combat Shield  
  71  7:18  SCV x2  
  71  7:19  Siege Tank  
  71  7:20  Engineering Bay  
  71  7:21  Engineering Bay  
  77  7:30  SCV x2  
  77  7:34  Marine, SCV  
  83  7:39  Starport Reactor  
  83  7:42  SCV x2  
  83  7:46  SCV  
  84  7:52  Marine, Sensor Tower  
  84  7:54  SCV x2  
  84  7:58  SCV  
  88  8:03  Marine  
  75  8:06  SCV x2  
  75  8:10  SCV  
  67  8:18  SCV  
  67  8:19  SCV  
  63  8:21  Viking  
  63  8:22  SCV  
  63  8:26  Barracks Reactor x2, Refinery x2  
  63  8:27  Marine, Sensor Tower, Viking  
  64  8:30  SCV  
  64  8:31  SCV, Siege Tank  
  72  8:34  SCV  
  73  8:43  SCV x2  
  73  8:44  Marine  
  73  8:46  SCV  
  76  8:51  Viking  
  76  8:55  SCV x2, Barracks  
  79  8:56  Barracks  
  79  8:57  Viking  
  79  8:58  SCV  
  79  9:02  Marine  
  79  9:07  SCV x2  
  84  9:10  SCV  
Show
View Real Time Build Order
Export as new Build Order

Clem Terran - Winner!

Build Orders:  

Get SALT Encoding   

  12  0:00  SCV  
  13  0:12  SCV  
  14  0:17  Supply Depot  
  14  0:24  SCV  
  15  0:38  SCV  
  15  0:40  Barracks  
  16  0:44  Refinery  
  16  0:50  SCV  
  16  0:52  Refinery  
  17  1:02  SCV  
  18  1:14  SCV  
  19  1:27  Reaper, Supply Depot, Orbital Command  
  20  1:40  Factory  
  20  1:52  SCV  
  21  1:59  Reaper  
  22  2:05  SCV  
  23  2:14  Command Center  
  23  2:18  SCV  
  24  2:24  Hellion  
  26  2:30  SCV  
  26  2:32  Barracks Reactor  
  27  2:38  Starport  
  27  2:41  Supply Depot  
  27  2:44  SCV  
  28  2:47  Factory Tech Lab  
  28  2:56  SCV  
  29  3:06  Siege Tank  
  29  3:08  Marine x2  
  29  3:09  SCV  
  35  3:16  Refinery  
  35  3:22  SCV  
  35  3:24  Medivac  
  38  3:27  Marine x2  
  38  3:32  Orbital Command  
  40  3:34  SCV  
  37  3:46  SCV  
  41  3:50  Marine x2, Siege Tank  
  42  3:58  SCV  
  42  3:59  SCV  
  44  4:04  Supply Depot  
  44  4:10  SCV  
  44  4:11  Viking  
  44  4:15  Viking  
  49  4:19  SCV  
  49  4:22  SCV  
  51  4:26  Siege Tank  
  51  4:30  Supply Depot  
  54  4:31  SCV  
  54  4:34  Marine  
  54  4:36  SCV  
  57  4:41  Viking  
  57  4:46  Viking  
  57  4:50  SCV  
  58  4:58  Marine, Siege Tank  
  58  4:59  SCV  
  57  5:07  SCV  
  57  5:10  Supply Depot  
  57  5:13  SCV  
  59  5:14  Liberator  
  59  5:16  Marine  
  59  5:17  Supply Depot  
  59  5:19  SCV  
  64  5:24  Viking  
  64  5:25  SCV  
  64  5:28  Supply Depot  
  67  5:31  SCV  
  67  5:33  Marine  
  69  5:43  Siege Tank  
  69  5:47  Command Center  
  72  5:50  SCV x2  
  72  5:54  Refinery, Barracks Reactor  
  74  6:01  Supply Depot  
  74  6:02  SCV  
  75  6:11  Viking x2  
  79  6:19  SCV  
  79  6:23  Siege Tank  
  79  6:24  Barracks  
  79  6:25  Supply Depot  
  83  6:26  Barracks  
  83  6:28  SCV  
  84  6:41  SCV x2  
  84  6:42  Supply Depot  
  84  6:43  Marine, Viking x2  
  91  6:48  Marine  
  91  6:53  SCV  
  85  7:01  Marine  
  85  7:03  SCV  
  85  7:06  Marine  
  85  7:07  Siege Tank  
  79  7:12  Barracks Reactor x2  
  79  7:15  SCV, Engineering Bay  
  80  7:16  SCV, Engineering Bay  
  80  7:19  Marine  
  80  7:22  Viking  
  84  7:26  Liberator  
  84  7:28  Marine  
  88  7:32  SCV  
  88  7:36  SCV  
  90  7:37  Marine  
  90  7:41  SCV  
  92  7:46  Marine  
  92  7:47  Siege Tank  
  92  7:50  Marine x4  
  100  7:51  SCV  
  100  7:55  Marine  
  102  7:59  SCV  
  102  8:04  Marine  
  97  8:07  Marine  
  97  8:08  Marine x2  
  97  8:09  Marine  
  97  8:10  Medivac x2  
  87  8:20  SCV x2  
  87  8:22  Barracks, Siege Tank  
  87  8:23  Barracks  
  87  8:25  Marine x2  
  92  8:30  Orbital Command  
  92  8:31  Refinery, Barracks Tech Lab  
  92  8:32  Marine x2, SCV  
  92  8:33  SCV  
  95  8:43  Marine  
  95  8:45  Marine, SCV  
  104  8:50  Marine, SCV  
  104  8:52  Refinery  
  104  8:53  Marine  
  104  8:54  Siege Tank  
  110  8:55  Marine  
  110  9:01  Marine  
  112  9:02  Marine  
  112  9:07  Marine  
  112  9:15  Barracks Tech Lab  

Tags
 
Add a new tag
Caveats
  • Supply blocks, unpowered buildings, or Contaminate may cause inaccurate times.
  • Supply counts are checked every 10 seconds.